Map: Cradle of Death

Players

wasp

  • Race: Protoss Protoss

larsgj

  • Race: Terran Terran

VOD

Have the link to the VOD?

Description

Time

  • Played on: Oct. 19, 2018, 9:40 a.m.
  • Length: 20:21
Show
View Real Time Build Order
Export as new Build Order

wasp Protoss 

Build Orders:  

Get SALT Encoding   

    0:00  Probe x12 (Chrono Boost)  
    0:09  Unknown x2  
  12  0:26  Pylon  
  12  0:33  Unknown  
  12  0:45  Pylon  
  12  1:02  Gateway  
  12  1:19  Forge  
  12  1:59  Gateway  
  12  2:11  Zealot  
  12  2:14  Assimilator  
  14  3:05  Zealot x2  
  18  3:43  Zealot x2, Assimilator  
  18  3:44  Zealot  
  24  4:02  Cybernetics Core  
  24  4:04  Zealot  
  24  4:08  Zealot  
  28  4:57  Probe (Chrono Boost)  
  29  5:11  Probe (Chrono Boost)  
  30  5:25  Probe (Chrono Boost)  
  31  5:43  Pylon  
  31  5:51  Pylon  
  31  6:08  Probe (Chrono Boost)  
  32  6:12  Pylon  
  32  6:20  Dragoon  
  32  6:21  Dragoon  
  32  6:22  Probe (Chrono Boost)  
  37  6:40  Dragoon  
  39  7:04  Dragoon  
  41  7:29  Pylon  
  41  7:46  Pylon  
  41  7:59  Dragoon  
  43  8:00  Dragoon  
  45  8:24  Dragoon  
  47  10:14  Unknown  
  47  10:28  Photon Cannon  
  47  10:34  Photon Cannon  
  47  10:44  Photon Cannon  
  47  10:52  Photon Cannon  
  47  10:55  Photon Cannon  
  47  11:02  Photon Cannon  
  47  11:10  Photon Cannon  
  47  11:21  Photon Cannon  
  47  11:31  Photon Cannon  
  47  12:41  Nexus  
  47  12:57  Assimilator  
  47  13:02  Assimilator  
  47  13:49  Pylon  
  47  14:02  Pylon  
  47  14:08  Dragoon x3  
  47  14:09  Dragoon  
  55  14:41  Dragoon  
  57  15:20  Stargate  
  57  15:29  Pylon  
  57  15:36  Forge  
  57  15:53  Robotics Facility  
  57  16:22  Photon Cannon  
  57  16:33  Probe (Chrono Boost)  
  58  16:47  Probe (Chrono Boost)  
  59  16:59  Photon Cannon  
  59  17:01  Probe (Chrono Boost)  
  60  17:12  Dragoon  
  60  17:15  Probe (Chrono Boost)  
  63  18:22  Phoenix x2  
  63  18:23  Phoenix  
Show
View Real Time Build Order
Export as new Build Order

larsgj Terran 

Build Orders:  

Get SALT Encoding   

    0:00  Orbital Command, SCV x12  
    0:09  Unknown  
  12  0:12  SCV  
  13  0:30  Unknown  
  13  0:32  Supply Depot  
  13  0:56  Barracks  
  13  1:05  SCV  
  14  1:17  Supply Depot  
  14  1:22  SCV  
  14  1:24  Refinery  
  15  1:33  Marine  
  15  1:39  SCV  
  17  1:48  Marine  
  17  1:56  SCV  
  19  2:11  Refinery  
  19  2:13  SCV  
  20  2:20  Marine  
  21  2:30  SCV  
  21  2:32  Barracks  
  22  2:49  Orbital Command, Marine  
  23  3:29  Unknown, Engineering Bay  
  23  3:43  Barracks Tech Lab  
  23  3:44  Marine  
  24  3:54  Marine  
  24  3:57  SCV  
  26  4:04  Marine  
  26  4:08  Supply Depot  
  26  4:09  Terran Infantry Weapons Level 1  
  27  4:14  SCV  
  28  4:21  Marine  
  29  4:31  Medic  
  31  4:49  Supply Depot  
  31  4:52  Medic  
  33  5:00  SCV  
  34  5:36  Barracks Tech Lab  
  34  6:11  Supply Depot  
  34  6:12  Marine  
  34  6:13  Marine  
  36  6:23  Medic x2  
  36  6:24  SCV  
  41  6:33  Stabilizer Medpacks  
  41  6:36  Marine  
  42  6:41  SCV  
  42  6:49  Terran Infantry Armor Level 1  
  43  6:58  SCV  
  44  7:07  Marine  
  44  7:15  SCV  
  44  7:18  Medic  
  46  7:21  Marine  
  46  7:28  Marine  
  49  7:31  Marine  
  49  7:32  SCV  
  49  7:38  Medic  
  52  7:42  Marine  
  52  7:47  Supply Depot  
  52  7:48  Marine  
  55  7:50  Supply Depot  
  55  7:52  Marine  
  57  8:00  Supply Depot  
  57  8:09  Marine, Medic  
  57  8:19  Marine  
  61  10:16  Unknown  
  61  10:26  SCV  
  62  10:34  Command Center  
  62  10:42  Factory  
  62  10:43  SCV  
  63  11:00  SCV  
  63  11:09  Refinery  
  64  11:17  SCV  
  65  11:33  SCV  
  66  12:01  Refinery  
  66  12:05  Missile Turret  
  66  12:07  Missile Turret  
  66  12:08  SCV  
  67  12:14  Missile Turret  
  67  12:17  Supply Depot  
  67  12:18  Supply Depot  
  67  12:20  Supply Depot  
  67  12:23  Supply Depot  
  67  12:25  SCV, Supply Depot  
  67  12:27  Supply Depot  
  68  12:31  Supply Depot  
  68  12:32  Supply Depot  
  68  12:37  SCV  
  69  12:42  SCV  
  70  12:54  SCV  
  70  12:59  SCV  
  71  13:11  SCV  
  71  13:15  SCV  
  73  13:28  SCV  
  72  13:36  Marine x2  
  74  13:45  SCV  
  74  13:46  Marine x2  
  77  13:56  Marine x2  
  79  14:06  Marine  
  79  14:07  Medic  
  82  14:17  Medic x2  
  86  14:33  Armory  
  86  14:43  Unknown  
  86  15:03  Unknown  
  86  15:22  Starport  
  86  15:28  SCV  
  95  15:40  Marine x2  
  87  15:45  SCV  
  90  15:50  Marine x2  
  92  16:00  Medic x2  
  92  16:02  SCV  
  92  16:08  Advanced Optics  
  97  16:10  Marine, Medic  
  97  16:14  Starport  
  97  16:15  Starport Tech Lab  
  97  16:19  SCV  
  101  16:20  Marine x2  
  101  16:23  Fusion Core  
  103  16:36  SCV  
  104  16:57  Advanced Optics  
  104  17:02  Banshee  
  104  17:06  Starport  
  104  17:09  Starport Tech Lab  
  107  17:30  Banshee, Supply Depot  
  107  17:31  Supply Depot  
  107  17:32  Weapon Refit  
  107  17:34  Supply Depot  
  107  17:37  Cloaking Field, Supply Depot  
  107  17:38  Supply Depot  
  110  17:47  Supply Depot  
  110  17:49  Supply Depot  
  110  17:51  Supply Depot  
  110  17:58  Banshee  
  110  17:59  Orbital Command  
  110  18:08  Afterburners  
  113  18:25  Banshee  
  116  18:33  Banshee  
  119  18:53  Banshee  
  122  19:01  Banshee  
  125  19:21  Banshee  
  125  19:29  Banshee  
  128  19:35  Starport Tech Lab  
  131  19:48  Banshee  
Tags
 
Commander
ArtanisRaynor
Matchup
Co-op
Replay Pack
Multiplayer
Add a new tag
Caveats
  • Supply blocks, unpowered buildings, or Contaminate may cause inaccurate times.
  • Supply counts are checked every 10 seconds.